 Dungeon Sprint DCSS version 0.26-b1-32-g5d43845318 (webtiles) character file.

Game seed: 9806870561288057755

80416 howech the Sniper (level 15, -6/132 HPs)
             Began as a Gnoll Fire Elementalist on Jan 4, 2021.
             Was the Champion of Okawaru.
             Mangled by an alligator snapping turtle (glowing shapeshifter) (10 damage)
             ... in the Dungeon (Sprint V: "Ziggurat Sprint").
             The game lasted 00:31:26 (2794 turns).

howech the Sniper (Gnoll Fire Elementalist)         Turns: 2794, Time: 00:31:27

Health: -6/132     AC: 23    Str: 10    XL:     15   Next: 66%
Magic:  25/35      EV: 15    Int: 23    God:    Okawaru [******]
Gold:   0          SH: 32    Dex: 25    Spells: 24/47 levels left

rFire    + + +     SeeInvis +   a - +7 Screaming Sword {vorpal, sonic wave}
rCold    . . .     Faith    .   i - +18 shield of the Gong {rElec rN+ Will+ EV-5}
rNeg     + + .     Spirit   .   b - +5 fire dragon scales
rPois    +         Reflect  .   L - +0 mask of the Dragon {Will+ Slay+3 SInv}
rElec    +         Harm     .   (no cloak)
rCorr    +         Rampage  .   (no gloves)
Will     +++++     Clarity  +   X - +2 pair of boots of the Trees {Will++ Stlth+} Stlth ++++++....NoTele +
                                O - amulet of the Four Winds {rN+ Will+++ Clar}
HPRegen  0.32/turn              y - +6 ring of dexterity
MPRegen  0.24/turn              F - ring "Ruqahitat" {rCorr Dex+4}

@: lethally poisoned (-6 -> -40), resistant, studying 5 skills
A: distributed training, fangs 1, berserk 1, blurry vision 1, dopey 1, strong
nose
a: Renounce Religion, Heroism, Finesse


You were in the Dungeon.
You worshipped Okawaru.
Okawaru was exalted by your worship.
You visited 1 branch

Inventory:

Hand Weapons
 a - the +7 Screaming Sword (weapon) {vorpal, sonic wave}
   (You found it in the Dungeon)

   It inflicts extra damage upon your enemies.
Armour
 b - +5 fire dragon scales (worn)
 i - the +18 shield of the Gong (worn) {rElec rN+ Will+ EV-5}
   (You found it in the Dungeon)

   It affects your evasion (-5).
   It insulates you from electricity.
   It protects you from negative energy.
   It affects your willpower, your defense against some magical effects.
 L - the +0 mask of the Dragon (worn) {Will+ Slay+3 SInv}
   (You found it in the Dungeon)

   It affects your accuracy and damage with ranged weapons and melee attacks
   (+3).
   It affects your willpower, your defense against some magical effects.
   It lets you see invisible.
 Q - the +2 cloak of a Gauntlet {rElec rPois rC++ Slay-2}
   (You found it in the Dungeon)

   It affects your accuracy and damage with ranged weapons and melee attacks
   (-2).
   It greatly protects you from cold.
   It insulates you from electricity.
   It protects you from poison.
 X - the +2 pair of boots of the Trees (worn) {Will++ Stlth+}
   (You found it in the Dungeon)

   It affects your willpower, your defense against some magical effects.
   It makes you more stealthy.
 Y - the +11 plate armour "Meorieca" {+Blink MP+9 Int-2 Dex+4}
   (You found it in the Dungeon)

   It affects your intelligence (-2).
   It affects your dexterity (+4).
   It affects your magic capacity (+9).
   It lets you blink.
Jewellery
 l - a +6 ring of strength
 x - the ring "Lenihik" {rPois Dex+6}
   (You found it in the Dungeon)

   [ring of dexterity]

   It affects your dexterity (+6).
   It protects you from poison.
 y - a +6 ring of dexterity (left hand)
 z - a +6 ring of dexterity
 A - a +6 ring of intelligence
 B - a +6 ring of intelligence
 C - a +6 ring of strength
 D - a +6 ring of strength
 F - the ring "Ruqahitat" (right hand) {rCorr Dex+4}
   (You found it in the Dungeon)

   [ring of resist corrosion]

   It affects your dexterity (+4).
   It provides partial protection from all sources of acid and corrosion.
 N - an uncursed ring of flight
 O - the amulet of the Four Winds (around neck) {rN+ Will+++ Clar}
   (You found it in the Dungeon)

   [amulet of nothing]

   It protects you from negative energy.
   It affects your willpower, your defense against some magical effects.
   It protects you against confusion.
 P - a +6 ring of dexterity
 R - an uncursed ring of magical power
 T - an uncursed ring of positive energy
 U - the ring of Afoitoi {rF+ rC+ rN+ Int+4}
   (You found it in the Dungeon)

   [ring of positive energy]

   It affects your intelligence (+4).
   It protects you from fire.
   It protects you from cold.
   It protects you from negative energy.
 V - a +4 ring of slaying
 Z - a +4 ring of slaying
Wands
 u - a wand of disintegration (7)
 v - a wand of iceblast (6)
 w - a wand of acid (7)
Scrolls
 h - 4 scrolls of blinking
 j - 4 scrolls of amnesia
 k - 8 scrolls of fog
 m - 4 scrolls of identify
 n - 5 scrolls of remove curse
 o - 2 scrolls of fear
 s - 2 scrolls of brand weapon
 K - 4 scrolls of enchant armour
Potions
 c - 10 potions of curing
 e - 6 potions of haste
 f - 7 potions of magic
 g - 3 potions of berserk rage
 p - 2 potions of brilliance
 q - a potion of invisibility
 r - 3 potions of resistance
 t - 6 potions of might
Books
 G - a manual of Crossbows
 J - a manual of Long Blades
 M - a manual of
Armour
 S - a manual of Short Blades
 W - a manual of Unarmed Combat
Miscellaneous
 E - a lightning rod (4/4)
 H - a lightning rod (4/4)
 I - a condenser vane


   Skills:
 + Level 16.3 Fighting
 + Level 19.4 Short Blades
 + Level 20.4 Long Blades
 + Level 16.3 Axes
 + Level 16.3 Maces & Flails
 + Level 16.3 Polearms
 + Level 16.3 Staves
 + Level 16.3 Slings
 + Level 16.3 Bows
 + Level 21.2 Crossbows
 + Level 16.3 Throwing
 + Level 18.3 Armour
 + Level 16.8 Dodging
 + Level 16.7 Stealth
 + Level 16.3 Shields
 + Level 17.8 Unarmed Combat
 + Level 16.9 Spellcasting
 + Level 14.2 Conjurations
 + Level 14.0 Hexes
 + Level 14.0 Summonings
 + Level 14.0 Necromancy
 + Level 14.0 Translocations
 + Level 14.0 Transmutations
 + Level 14.9 Fire Magic
 + Level 14.0 Ice Magic
 + Level 14.0 Air Magic
 + Level 14.0 Earth Magic
 + Level 14.0 Poison Magic
 + Level 17.5 Invocations
 + Level 16.3 Evocations


You had 24 spell levels left.
You knew the following spells:

 Your Spells              Type           Power        Failure   Level
a - Foxfire               Conj/Fire      100%         1%          1
b - Fireball              Conj/Fire      36%          1%          5
c - Bolt of Magma         Conj/Fire/Erth 36%          1%          5
d - Starburst             Conj/Fire      36%          4%          6
e - Conjure Ball Lightni  Conj/Air       35%          5%          6

Your spell library contained the following spells:

 Spells                   Type           Power        Failure   Level
 Animate Skeleton         Necr           100%         1%          1
 Apportation              Tloc           100%         1%          1
 Beastly Appendage        Tmut           100%         1%          1
 Corona                   Hex            78%          1%          1
 Freeze                   Ice            100%         1%          1
 Pain                     Necr           100%         1%          1
 Sandblast                Erth           100%         1%          1
 Shock                    Conj/Air       100%         1%          1
 Sting                    Tmut/Pois      100%         1%          1
 Summon Small Mammal      Summ           100%         1%          1
 Blink                    Tloc           N/A          1%          2
 Call Imp                 Summ           71%          1%          2
 Ensorcelled Hibernation  Hex/Ice        100%         1%          2
 Passwall                 Tmut/Erth      59%          1%          2
 Poisonous Vapours        Pois/Air       100%         1%          2
 Slow                     Hex            71%          1%          2
 Swiftness                Air            71%          1%          2
 Wereblood                Tmut           71%          1%          2
 Call Canine Familiar     Summ           71%          1%          3
 Conjure Flame            Conj/Fire      72%          1%          3
 Gell's Gravitas          Tloc           35%          1%          3
 Ignite Poison            Fire/Tmut/Pois 71%          1%          3
 Inner Flame              Hex/Fire       72%          1%          3
 Lesser Beckoning         Tloc           35%          1%          3
 Mephitic Cloud           Conj/Pois/Air  71%          1%          3
 Portal Projectile        Hex/Tloc       100%         1%          3
 Spider Form              Tmut/Pois      35%          1%          3
 Static Discharge         Conj/Air       71%          1%          3
 Stone Arrow              Conj/Erth      100%         1%          3
 Summon Guardian Golem    Hex/Summ       71%          1%          3
 Teleport Other           Tloc           71%          1%          3
 Tukima's Dance           Hex            71%          1%          3
 Airstrike                Air            35%          1%          4
 Animate Dead             Necr           35%          1%          4
 Cause Fear               Hex            35%          1%          4
 Hailstorm                Conj/Ice       71%          1%          4
 Iskenderun's Mystic Bla  Conj/Tloc      71%          1%          4
 Leda's Liquefaction      Hex/Erth       35%          1%          4
 Olgreb's Toxic Radiance  Pois           71%          1%          4
 Passage of Golubria      Tloc           N/A          1%          4
 Petrify                  Tmut/Erth      71%          1%          4
 Sticky Flame             Conj/Fire      72%          1%          4
 Summon Ice Beast         Ice/Summ       71%          1%          4
 Summon Lightning Spire   Summ/Air       71%          1%          4
 Alistair's Intoxication  Tmut/Pois      47%          1%          5
 Borgnjor's Vile Clutch   Necr/Erth      35%          1%          5
 Irradiate                Conj/Tmut      35%          1%          5
 Iskenderun's Battlesphe  Conj           71%          1%          5
 Lee's Rapid Deconstruct  Erth           35%          1%          5
 Lightning Bolt           Conj/Air       35%          1%          5
 Silence                  Hex/Air        35%          1%          5
 Summon Demon             Summ           35%          1%          5
 Summon Forest            Summ/Tloc      35%          1%          5
 Summon Mana Viper        Hex/Summ       71%          1%          5
 Yara's Violent Unravell  Hex/Tmut       35%          1%          5
 Death Channel            Necr           35%          5%          6
 Dispersal                Tloc           35%          5%          6
 Hydra Form               Tmut           35%          5%          6
 Invisibility             Hex            71%          5%          6
 Iron Shot                Conj/Erth      35%          5%          6
 Shadow Creatures         Summ           N/A          5%          6
 Simulacrum               Ice/Necr       35%          5%          6
 Statue Form              Tmut/Erth      47%          5%          6
 Orb of Destruction       Conj           35%          28%         7
 Spellforged Servitor     Conj/Summ      35%          28%         7
 Dragon Form              Tmut           35%          30%         7
 Haunt                    Necr/Summ      35%          30%         7
 Summon Hydra             Summ           35%          30%         7
 Borgnjor's Revivificati  Necr           35%          93%         8
 Infestation              Necr           35%          93%         8
 Necromutation            Tmut/Necr      35%          93%         8
 Death's Door             Necr           35%          100%        9
 Dragon's Call            Summ           35%          100%        9
 Tornado                  Air            35%          100%        9


Dungeon Overview and Level Annotations

Branches:
Dungeon (1/1)

Altars:
Ashenzari
Cheibriados
Dithmenos
Elyvilon
Fedhas
Gozag
Hepliaklqana
Kikubaaqudgha
Makhleb
Nemelex Xobeh
Okawaru
Qazlal
Ru
Sif Muna
Trog
Uskayaw
Vehumet
Wu Jian
Xom
Yredelemnul
Zin
The Shining One
Beogh
Jiyva
Lugonu

Annotations:
D 1 transporter


Innate Abilities, Weirdness & Mutations

Your experience applies equally to all skills.
You have very sharp teeth.
Your uncanny sense of smell can sniff out nearby items.
You tend to lose your temper in combat.
Scrolls take you a little longer to read.
You are dopey. (Int -2)


Message History

Okay, then.
Unknown command.
You feel protected.
* * * LOW HITPOINT WARNING * * *
You feel very sick. You block the ghost moth's attack.
SHROANNG!
You block the ghost moth's attack.
GONNNNG!
You block the ghost moth's attack.
BOUMMMMG!
The acid blob hits you but does no damage.
The goliath frog hits you but does no damage.
The ghost moth stares at you.
You feel your power leaking away. You block the ghost moth's attack.
GONNNNG!
The ghost moth misses you. The ghost moth completely misses you.
The alligator snapping turtle bites you!
You die...

..}:|=}}=)|))..▓.....))[..
....○:}|)||○...▓......)...
......†.§......▓..▓.......
........††.....▓.▓▓▓.....▓
.......††......▓..▓.......
...............▓..........
........†......▓......©...
........ytF....▓▓▓▓▓▓▓▓▓▓▓
...▓....J@.▓...▓
..▓.▓.....▓.▓..▓
...▓.......▓...▓ ∆
...............▓
.......©.......▓
▓▓▓▓▓▓▓▓▓▓▓▓▓▓▓▓
∆∆∆∆∆∆∆∆∆∆∆∆∆∆∆∆
∆∆∆∆∆∆∆∆∆∆∆∆∆∆


You could see an alligator snapping turtle shaped shifter, an acid blob shaped
shifter, a ghost moth shaped shifter (invisible) and a goliath frog shaped
shifter.

Vanquished Creatures
  A lich (D)
  2 acid blobs (shapeshifter) (D)
  A nagaraja (D)
  An azure jelly (shapeshifter) (D)
  A frost giant (shapeshifter) (D)
  An emperor scorpion (D)
  2 ghost moths (D)
  3 orc warlords (D)
  4 stone giants (D)
  3 vampire knights (D)
  A deep elf demonologist (D)
  2 entropy weavers (D)
  8 vault guards (D)
  A yaktaur captain (D)
  2 hydras (D)
  A hydra (shapeshifter) (D)
  An anaconda (D)
  A catoblepas (D)
  2 dancing weapons (D)
  2 shock serpents (shapeshifter) (D)
  7 orc high priests (D)
  2 vampire magi (D)
  2 skeletal warriors (D)
  2 glowing orange brains (shapeshifter) (D)
  A deep troll (shapeshifter) (D)
  10 orc knights (D)
  3 necromancers (D)
  2 fauns (shapeshifter) (D)
  3 orb spiders (D)
  2 shining eyes (D)
  8 wolf spiders (D)
  3 deep elf magi (D)
  4 orc sorcerers (D)
  2 ugly things (D)
  3 moths of wrath (D)
  2 cyclopes (D)
  A cyclops (shapeshifter) (D)
  An elephant (D)
  A black mamba (shapeshifter) (D)
  A naga mage (D)
  A water nymph (shapeshifter) (D)
  A guardian serpent (D)
  2 black mambas (D)
  A guardian serpent (shapeshifter) (D)
  A torpor snail (D)
  2 eyes of devastation (shapeshifter) (D)
  2 torpor snails (shapeshifter) (D)
  2 cane toads (D)
  3 demonic crawlers (D)
  8 jumping spiders (D)
  A merfolk (shapeshifter) (D)
  A wind drake (D)
  A queen bee (shapeshifter) (D)
  A wind drake (shapeshifter) (D)
  A jumping spider (shapeshifter) (D)
  4 merfolk (D)
  2 trolls (D)
  5 hornets (D)
  A blink frog (D)
  A dream sheep (shapeshifter) (D)
  A slime creature (D)
  A raiju (D)
  A flying skull (D)
  3 tarantellas (D)
  A redback (shapeshifter) (D)
  3 redbacks (D)
  2 vampires (D)
  2 shadows (D)
  A water elemental (D)
  2 neqoxecs (D)
  A warg (D)
  A soldier ant (shapeshifter) (D)
  3 water moccasins (D)
  A floating eye (shapeshifter) (D)
  17 orc warriors (D)
  A necrophage (D)
  A wolf (D)
  5 ogres (D)
  3 bullfrogs (D)
  A small abomination (D)
  4 wights (D)
  A crimson imp (D)
  3 iron imps (D)
  A gnoll shaman (D)
  A jelly (D)
  4 orc priests (D)
  2 iguanas (D)
  2 orc wizards (D)
  A mummy (D)
  3 adders (D)
  A white imp (D)
  An ufetubus (D)
  2 adder zombies (D)
  6 orcs (D)
  3 bat skeletons (D)
  2 bat zombies (D)
  2 giant cockroach zombies (D)
  2 jackal skeletons (D)
  2 jackal zombies (D)
  A leopard gecko zombie (D)
  3 quokka skeletons (D)
239 creatures vanquished.

Vanquished Creatures (others)
  3 foxfires (D)
3 creatures vanquished.

Grand Total: 242 creatures vanquished

Notes
Turn   | Place    | Note
-------+----------+-------------------------------------------
     0 | D        | howech the Gnoll Fire Elementalist began the quest for the
                  | Orb.
     0 | D        | Reached XP level 1. HP: 13/13 MP: 6/6
     9 | D        | Found a blossoming altar of Fedhas.
    10 | D        | Found the +6 Majin-Bo {vamp, MP+6 Int+6}
    10 | D        | Found the +9 heavy crossbow "Sniper" {vorpal, Acc+∞ SInv}
    10 | D        | Found the +10 dark maul {vorpal}
    10 | D        | Found the +15 Maxwell's patent armour {-Cast -Tele rElec
                  | Will+ rCorr}
    10 | D        | Found the +18 shield of the Gong {rElec rN+ Will+ EV-5}
    10 | D        | Found the cursed +14 obsidian axe {vorpal, +Fly SInv
                  | *Curse}
    10 | D        | Found the +7 great mace "Firestarter" {inner flame, rF++}
    10 | D        | Found the +6 shillelagh "Devastator" {shatter}
    10 | D        | Found the +11 plutonium sword {*Contam Stlth-}
    10 | D        | Found the +8 lance "Wyrmbane" {slay drac, rPois rF+ rC+
                  | AC+3}
    10 | D        | Found the +9 sword of Zonguldrok {reap}
    10 | D        | Found the cursed +13 scythe of Curses {drain, *Curse}
    10 | D        | Found the +5 sword of Power {vorpal}
    10 | D        | Found the +7 mace of Variability {chain chaos}
    10 | D        | Found the +7 Singing Sword {vorpal, sonic wave}
    10 | D        | Found the +8 storm bow {elec, penet}
    10 | D        | Found a transporter.
    10 | D        | Found a viscous altar of Jiyva.
    10 | D        | Found an ancient bone altar of Kikubaaqudgha.
    10 | D        | Found a hazy altar of Hepliaklqana.
    10 | D        | Found a corrupted altar of Lugonu.
    10 | D        | Found an opulent altar of Gozag.
    10 | D        | Found a burning altar of Makhleb.
    11 | D        | Found a sacrificial altar of Ru.
    11 | D        | Found a stormy altar of Qazlal.
    11 | D        | Found a shimmering blue altar of Sif Muna.
    11 | D        | Found an iron altar of Okawaru.
    11 | D        | Found a bloodstained altar of Trog.
    11 | D        | Found a sparkling altar of Nemelex Xobeh.
    54 | D        | Became a worshipper of Warmaster Okawaru
    65 | D        | Reached skill level 2 in Crossbows
    65 | D        | Reached skill level 5 in Dodging
    65 | D        | Reached skill level 5 in Spellcasting
    65 | D        | Reached skill level 1 in Hexes
    65 | D        | Reached skill level 1 in Summonings
    65 | D        | Reached skill level 1 in Necromancy
    65 | D        | Reached skill level 1 in Translocations
    65 | D        | Reached skill level 1 in Transmutations
    65 | D        | Reached skill level 1 in Ice Magic
    65 | D        | Reached skill level 1 in Air Magic
    65 | D        | Reached skill level 1 in Earth Magic
    65 | D        | Reached skill level 1 in Poison Magic
    65 | D        | Reached XP level 2. HP: 23/23 MP: 6/8
    67 | D        | Entered arena 2.
    67 | D        | Noticed a slime creature
    67 | D        | Found a transporter.
    73 | D        | Killed a slime creature
    73 | D        | Reached * piety under Okawaru
    74 | D        | Reached skill level 4 in Crossbows
    74 | D        | Reached skill level 5 in Stealth
    74 | D        | Reached XP level 3. HP: 29/30 MP: 8/11
    74 | D        | Reached XP level 4. HP: 36/37 MP: 8/12
    74 | D        | Reached XP level 5. HP: 41/42 MP: 9/14
    81 | D        | Entered arena 3.
    81 | D        | Found a transporter.
    87 | D        | Reached XP level 6. HP: 37/49 MP: 11/15
    88 | D        | Reached skill level 5 in Invocations
   264 | D        | Learned a level 5 spell: Fireball
   264 | D        | Entered arena 4.
   264 | D        | Noticed a flying skull
   264 | D        | Found a transporter.
   268 | D        | Killed a flying skull
   268 | D        | Reached ** piety under Okawaru
   269 | D        | Reached skill level 5 in Fighting
   269 | D        | Reached skill level 5 in Short Blades
   269 | D        | Reached skill level 5 in Long Blades
   269 | D        | Reached skill level 5 in Axes
   269 | D        | Reached skill level 5 in Maces & Flails
   269 | D        | Reached skill level 5 in Polearms
   269 | D        | Reached skill level 5 in Staves
   269 | D        | Reached skill level 5 in Slings
   269 | D        | Reached skill level 5 in Bows
   269 | D        | Reached skill level 5 in Crossbows
   269 | D        | Reached skill level 5 in Throwing
   269 | D        | Reached skill level 5 in Armour
   269 | D        | Reached skill level 5 in Shields
   269 | D        | Reached skill level 5 in Unarmed Combat
   269 | D        | Reached skill level 5 in Conjurations
   269 | D        | Reached skill level 5 in Evocations
   269 | D        | Reached XP level 7. HP: 56/56 MP: 14/17
   279 | D        | Entered arena 5.
   279 | D        | Found a transporter.
   351 | D        | Entered arena 6.
   351 | D        | Found a transporter.
   366 | D        | Got the ring "Ruqahitat" {rCorr Dex+4}
   378 | D        | Entered arena 7.
   378 | D        | Noticed a cyclops
   378 | D        | Noticed a merfolk
   378 | D        | Noticed a merfolk
   378 | D        | Noticed a wind drake
   378 | D        | Noticed a merfolk
   378 | D        | Noticed a merfolk
   380 | D        | Found a transporter.
   385 | D        | Killed a merfolk
   385 | D        | Reached *** piety under Okawaru
   386 | D        | Reached skill level 6 in Crossbows
   386 | D        | Reached skill level 5 in Hexes
   386 | D        | Reached skill level 5 in Summonings
   386 | D        | Reached skill level 5 in Necromancy
   386 | D        | Reached skill level 5 in Translocations
   386 | D        | Reached skill level 5 in Transmutations
   386 | D        | Reached skill level 5 in Ice Magic
   386 | D        | Reached skill level 5 in Air Magic
   386 | D        | Reached skill level 5 in Earth Magic
   386 | D        | Reached skill level 5 in Poison Magic
   386 | D        | Killed a merfolk
   386 | D        | Killed a merfolk
   386 | D        | Killed a wind drake
   386 | D        | Reached **** piety under Okawaru
   386 | D        | Killed a merfolk
   387 | D        | Reached skill level 8 in Crossbows
   387 | D        | Reached XP level 8. HP: 19/67 MP: 17/20
   387 | D        | Reached XP level 9. HP: 20/72 MP: 17/21
   387 | D        | Killed a cyclops
   387 | D        | Received a gift from Okawaru
   405 | D        | Got the Disquisition on the Enthralling Frostbite
   722 | D        | Entered arena 8.
   723 | D        | Found a transporter.
   727 | D        | Reached skill level 9 in Crossbows
   894 | D        | Entered arena 9.
   894 | D        | Noticed a deep elf mage
   894 | D        | Noticed a deep elf mage
   894 | D        | Noticed a +2 halberd of venom
   894 | D        | Noticed a +2 mace of protection
   894 | D        | Noticed a deep elf demonologist
   894 | D        | Noticed a deep elf mage
   897 | D        | Found a transporter.
   898 | D        | Noticed an Ice Fiend
   898 | D        | Noticed a hellwing
   899 | D        | Noticed a Brimstone Fiend
   899 | D        | Killed a deep elf mage
   899 | D        | Killed a deep elf demonologist
   899 | D        | Received a gift from Okawaru
   899 | D        | Reached ***** piety under Okawaru
   899 | D        | Received a gift from Okawaru
   899 | D        | Received a gift from Okawaru
   900 | D        | Reached skill level 10 in Crossbows
   900 | D        | Reached skill level 10 in Spellcasting
   900 | D        | Reached XP level 10. HP: 82/82 MP: 20/24
   901 | D        | Killed a deep elf mage
   901 | D        | Received a gift from Okawaru
   906 | D        | Killed a deep elf mage
   906 | D        | Killed a +2 halberd of venom
   906 | D        | Received a gift from Okawaru
   907 | D        | Reached skill level 11 in Crossbows
   907 | D        | Reached skill level 10 in Dodging
   907 | D        | Reached skill level 10 in Stealth
   907 | D        | Reached skill level 10 in Invocations
   907 | D        | Killed a +2 mace of protection
   907 | D        | Received a gift from Okawaru
  1013 | D        | Entered arena 10.
  1014 | D        | Identified the +5 spear of the Jolly Mice {flame, *Noise
                  | +Rage Str+6 Dex+2}
  1016 | D        | Found a transporter.
  1060 | D        | Entered arena 11.
  1060 | D        | Noticed a shining eye
  1060 | D        | Noticed a purple ugly thing
  1060 | D        | Noticed a water nymph
  1060 | D        | Noticed a brown ugly thing
  1060 | D        | Noticed a shining eye
  1060 | D        | Noticed a guardian serpent
  1065 | D        | Killed a guardian serpent
  1065 | D        | Received a gift from Okawaru
  1066 | D        | Reached skill level 12 in Crossbows
  1066 | D        | Reached XP level 11. HP: 86/90 MP: 22/25
  1066 | D        | Killed a brown ugly thing
  1066 | D        | Received a gift from Okawaru
  1067 | D        | Reached skill level 10 in Long Blades
  1067 | D        | Killed a shining eye
  1067 | D        | Received a gift from Okawaru
  1067 | D        | Gained mutation: Scrolls take you a little longer to read.
                  | [a neqoxec]
  1068 | D        | Reached skill level 10 in Fighting
  1068 | D        | Reached skill level 10 in Short Blades
  1068 | D        | Reached skill level 10 in Axes
  1068 | D        | Reached skill level 10 in Maces & Flails
  1068 | D        | Reached skill level 10 in Polearms
  1068 | D        | Reached skill level 10 in Staves
  1068 | D        | Reached skill level 10 in Slings
  1068 | D        | Reached skill level 10 in Bows
  1068 | D        | Reached skill level 10 in Throwing
  1068 | D        | Reached skill level 10 in Armour
  1068 | D        | Reached skill level 10 in Shields
  1068 | D        | Reached skill level 10 in Unarmed Combat
  1068 | D        | Reached skill level 10 in Fire Magic
  1068 | D        | Reached skill level 10 in Evocations
  1068 | D        | Killed a purple ugly thing
  1069 | D        | Gained mutation: You are dopey. (Int -2) [a shining eye]
  1069 | D        | Gained mutation: You tend to lose your temper in combat. [a
                  | neqoxec]
  1074 | D        | Killed a shining eye
  1136 | D        | Learned a level 5 spell: Bolt of Magma
  1137 | D        | Entered arena 12.
  1137 | D        | Noticed an anaconda
  1137 | D        | Noticed a nagaraja
  1138 | D        | Found the amulet of the Four Winds {rN+ Will+++ Clar}
  1140 | D        | Found a transporter.
  1141 | D        | Received a gift from Okawaru
  1144 | D        | Reached skill level 13 in Crossbows
  1144 | D        | Killed a nagaraja
  1144 | D        | Killed an anaconda
  1147 | D        | Received a gift from Okawaru
  1212 | D        | Entered arena 13.
  1212 | D        | Noticed a vampire knight
  1213 | D        | Noticed a vampire mage
  1213 | D        | Noticed a skeletal warrior
  1213 | D        | Noticed a vampire knight
  1214 | D        | Found a transporter.
  1218 | D        | Killed a vampire mage
  1218 | D        | Received a gift from Okawaru
  1219 | D        | Reached skill level 14 in Crossbows
  1219 | D        | Reached XP level 12. HP: 100/100 MP: 25/28
  1221 | D        | Killed a vampire knight
  1225 | D        | Killed a vampire knight
  1226 | D        | Reached skill level 10 in Conjurations
  1265 | D        | Got the Compendium of the Ancient Deaths
  1276 | D        | Got the +2 cloak of a Gauntlet {rElec rPois rC++ Slay-2}
  1280 | D        | Entered arena 14.
  1281 | D        | Noticed an eight-headed hydra
  1282 | D        | Noticed a five-headed hydra
  1282 | D        | Noticed a catoblepas
  1284 | D        | Found a transporter.
  1285 | D        | Received a gift from Okawaru
  1290 | D        | Killed a catoblepas
  1291 | D        | Reached skill level 15 in Crossbows
  1291 | D        | Reached skill level 10 in Hexes
  1291 | D        | Reached skill level 10 in Summonings
  1291 | D        | Reached skill level 10 in Necromancy
  1291 | D        | Reached skill level 10 in Translocations
  1291 | D        | Reached skill level 10 in Transmutations
  1291 | D        | Reached skill level 10 in Ice Magic
  1291 | D        | Reached skill level 10 in Air Magic
  1291 | D        | Reached skill level 10 in Earth Magic
  1291 | D        | Reached skill level 10 in Poison Magic
  1293 | D        | Killed a six-headed hydra
  1293 | D        | Killed a ten-headed hydra
  1293 | D        | Reached ****** piety under Okawaru
  1327 | D        | Got the ring of Afoitoi {rF+ rC+ rN+ Int+4}
  1339 | D        | Entered arena 15.
  1340 | D        | Noticed a vault guard
  1340 | D        | Noticed a vault guard
  1340 | D        | Noticed a stone giant
  1340 | D        | Noticed a vault guard
  1340 | D        | Noticed a stone giant
  1340 | D        | Noticed a stone giant
  1341 | D        | Noticed a vault guard
  1341 | D        | Noticed a lich
  1341 | D        | Noticed a vault guard
  1341 | D        | Noticed a vault guard
  1341 | D        | Noticed a yaktaur captain
  1341 | D        | Noticed a vault guard
  1341 | D        | Noticed a vault guard
  1343 | D        | Found a transporter.
  1346 | D        | Killed a vault guard
  1347 | D        | Noticed a green death
  1347 | D        | Killed a vault guard
  1349 | D        | Killed a yaktaur captain
  1350 | D        | Killed a vault guard
  1350 | D        | Received a gift from Okawaru
  1350 | D        | Killed a vault guard
  1350 | D        | Received a gift from Okawaru
  1351 | D        | Reached XP level 13. HP: 108/108 MP: 28/30
  1352 | D        | Killed a vault guard
  1353 | D        | Killed a vault guard
  1353 | D        | Killed a vault guard
  1353 | D        | Killed a stone giant
  1354 | D        | Reached skill level 16 in Crossbows
  1354 | D        | Killed a vault guard
  1354 | D        | Killed a stone giant
  1354 | D        | Received a gift from Okawaru
  1354 | D        | Killed a stone giant
  1355 | D        | Reached skill level 15 in Long Blades
  1356 | D        | Killed a lich
  1392 | D        | Got Jaemut's Catalogue of Virous Ignition
  1558 | D        | Learned a level 6 spell: Starburst
  1559 | D        | Entered arena 16.
  1560 | D        | Noticed a stone giant
  1561 | D        | Noticed an orc warlord
  1563 | D        | Found a transporter.
  1566 | D        | Reached skill level 17 in Crossbows
  1574 | D        | Killed a stone giant
  1579 | D        | Killed an orc warlord
  1598 | D        | Got the ring "Lenihik" {rPois Dex+6}
  1691 | D        | Got the Collected Works on the Ghastly Mountains
  1857 | D        | Entered arena 17.
  1861 | D        | Found the +0 mask of the Dragon {Will+ Slay+3 SInv}
  1862 | D        | Found a transporter.
  1864 | D        | Reached skill level 15 in Short Blades
  1867 | D        | Received a gift from Okawaru
  1868 | D        | Reached XP level 14. HP: 112/119 MP: 32/32
  1936 | D        | Learned a level 6 spell: Conjure Ball Lightning
  1945 | D        | Entered arena 18.
  1948 | D        | Noticed an orc warlord
  1949 | D        | Identified the ring of Kuhun {MP+9 Slay+3}
  1949 | D        | Identified the ring of Ucieh {rF+ rN+}
  1949 | D        | Identified the +7 shortbow "Hosaa" {venom, rElec rPois
                  | Str+2}
  1953 | D        | Reached skill level 18 in Crossbows
  1954 | D        | Received a gift from Okawaru
  1955 | D        | Reached skill level 15 in Invocations
  1967 | D        | Killed an orc warlord
  1967 | D        | Received a gift from Okawaru
  1968 | D        | Found a transporter.
  2110 | D        | Entered arena 19.
  2115 | D        | Noticed a vampire knight
  2119 | D        | Reached skill level 15 in Spellcasting
  2119 | D        | Found a transporter.
  2122 | D        | Received a gift from Okawaru
  2126 | D        | Reached skill level 15 in Dodging
  2127 | D        | Reached skill level 15 in Armour
  2128 | D        | Killed a vampire knight
  2129 | D        | Reached skill level 15 in Stealth
  2267 | D        | Got Sif Muna's Volume of Changing
  2279 | D        | Got the +2 pair of boots of the Trees {Will++ Stlth+}
  2306 | D        | Entered arena 20.
  2311 | D        | Noticed an orc warlord
  2313 | D        | Identified the +8 quarterstaff of Terror {holy, Str+5}
  2313 | D        | Found a transporter.
  2318 | D        | Reached skill level 19 in Crossbows
  2321 | D        | Reached skill level 15 in Unarmed Combat
  2323 | D        | Received a gift from Okawaru
  2333 | D        | Killed an orc warlord
  2333 | D        | Received a gift from Okawaru
  2334 | D        | Reached skill level 15 in Fighting
  2334 | D        | Reached skill level 15 in Axes
  2334 | D        | Reached skill level 15 in Maces & Flails
  2334 | D        | Reached skill level 15 in Polearms
  2334 | D        | Reached skill level 15 in Staves
  2334 | D        | Reached skill level 15 in Slings
  2334 | D        | Reached skill level 15 in Bows
  2334 | D        | Reached skill level 15 in Throwing
  2334 | D        | Reached skill level 15 in Shields
  2334 | D        | Reached skill level 15 in Evocations
  2336 | D        | Got a steaming hat {god gift}
  2339 | D        | Identified the +1 hat "Putti" {rC+} (Okawaru gifted it to
                  | you in the Dungeon)
  2388 | D        | Got Asmodeus's Reference Book on Creative Attacks
  2413 | D        | Got the cursed ring "Naucaz" {*Slow Str-4 Int+4 Dex+4}
  2417 | D        | Entered arena 21.
  2421 | D        | Noticed an entropy weaver
  2422 | D        | Noticed an emperor scorpion
  2423 | D        | Noticed a ghost moth
  2423 | D        | Noticed an entropy weaver
  2423 | D        | Noticed a ghost moth
  2424 | D        | Found a transporter.
  2426 | D        | Killed an entropy weaver
  2427 | D        | Reached XP level 15. HP: 103/129 MP: 0/34
  2427 | D        | Killed a ghost moth
  2428 | D        | Reached skill level 20 in Crossbows
  2428 | D        | Killed a ghost moth
  2436 | D        | Killed an emperor scorpion
  2711 | D        | Got the Tome of Flying Displacement
  2719 | D        | Got the +11 plate armour "Meorieca" {+Blink MP+9 Int-2
                  | Dex+4}
  2738 | D        | Entered arena 22.
  2742 | D        | Noticed a glowing shapeshifter
  2743 | D        | Noticed a frost giant
  2743 | D        | Noticed a glowing shapeshifter
  2743 | D        | Noticed a titan
  2743 | D        | Noticed a juggernaut
  2744 | D        | Noticed a juggernaut
  2744 | D        | Noticed an iron giant
  2744 | D        | Noticed a shard shrike
  2745 | D        | Found the +3 pair of gauntlets of War {Slay+5}
  2745 | D        | Noticed a caustic shrike
  2745 | D        | an iron giant changed into a caustic shrike
  2745 | D        | Noticed a titan
  2745 | D        | a shard shrike changed into a titan
  2745 | D        | Noticed a shard shrike
  2745 | D        | a glowing shapeshifter changed into a shard shrike
  2745 | D        | Noticed a juggernaut
  2745 | D        | a shard shrike changed into a juggernaut
  2745 | D        | Noticed a shard shrike
  2745 | D        | a titan changed into a shard shrike
  2745 | D        | Noticed a golden dragon
  2745 | D        | a juggernaut changed into a golden dragon
  2745 | D        | Noticed a titan
  2745 | D        | a glowing shapeshifter changed into a titan
  2746 | D        | Found a transporter.
  2746 | D        | Noticed an iron dragon
  2746 | D        | a juggernaut changed into an iron dragon
  2746 | D        | Noticed a juggernaut
  2746 | D        | a shard shrike changed into a juggernaut
  2746 | D        | Noticed a shadow dragon
  2746 | D        | a golden dragon changed into a shadow dragon
  2747 | D        | Noticed an iron giant
  2747 | D        | a juggernaut changed into an iron giant
  2747 | D        | a caustic shrike changed into an iron troll
  2748 | D        | Noticed an azure jelly
  2748 | D        | an iron troll changed into an azure jelly
  2748 | D        | Noticed a quicksilver dragon
  2748 | D        | a frost giant changed into a quicksilver dragon
  2750 | D        | Noticed an iron dragon
  2750 | D        | an iron giant changed into an iron dragon
  2750 | D        | Noticed a shard shrike
  2750 | D        | a titan changed into a shard shrike
  2750 | D        | Noticed a titan
  2750 | D        | a juggernaut changed into a titan
  2750 | D        | Noticed a frost giant
  2750 | D        | a shadow dragon changed into a frost giant
  2751 | D        | Noticed a titan
  2751 | D        | a shard shrike changed into a titan
  2751 | D        | a quicksilver dragon changed into an iron troll
  2751 | D        | Noticed a juggernaut
  2751 | D        | a titan changed into a juggernaut
  2751 | D        | a frost giant changed into a dire elephant
  2751 | D        | Noticed a shard shrike
  2751 | D        | a titan changed into a shard shrike
  2752 | D        | Noticed an acid blob
  2752 | D        | a titan changed into an acid blob
  2753 | D        | Noticed a caustic shrike
  2753 | D        | an iron dragon changed into a caustic shrike
  2753 | D        | Noticed an iron giant
  2753 | D        | an acid blob changed into an iron giant
  2753 | D        | Killed an azure jelly
  2755 | D        | Noticed a shadow dragon
  2755 | D        | an iron giant changed into a shadow dragon
  2755 | D        | Noticed a titan
  2755 | D        | a juggernaut changed into a titan
  2756 | D        | Noticed a fire giant
  2756 | D        | an iron troll changed into a fire giant
  2756 | D        | Noticed a shadow dragon
  2756 | D        | an iron dragon changed into a shadow dragon
  2757 | D        | Noticed a quicksilver dragon
  2757 | D        | a fire giant changed into a quicksilver dragon
  2757 | D        | Noticed a caustic shrike
  2757 | D        | a shadow dragon changed into a caustic shrike
  2757 | D        | HP: 5/131 [shard shrike (glowing shapeshifter) (51)]
  2758 | D        | Noticed a golden dragon
  2758 | D        | a caustic shrike changed into a golden dragon
  2758 | D        | Noticed a shadow dragon
  2758 | D        | a quicksilver dragon changed into a shadow dragon
  2758 | D        | Noticed a juggernaut
  2758 | D        | a titan changed into a juggernaut
  2758 | D        | Noticed a fenstrider witch
  2758 | D        | an eleionoma changed into a fenstrider witch
  2759 | D        | Noticed a quicksilver dragon
  2759 | D        | a shadow dragon changed into a quicksilver dragon
  2759 | D        | a shadow dragon changed into an iron troll
  2759 | D        | Noticed a titan
  2759 | D        | a juggernaut changed into a titan
  2759 | D        | Noticed a juggernaut
  2759 | D        | a shard shrike changed into a juggernaut
  2760 | D        | Noticed an acid blob
  2760 | D        | a golden dragon changed into an acid blob
  2760 | D        | Noticed a shard shrike
  2760 | D        | a titan changed into a shard shrike
  2760 | D        | a fenstrider witch changed into an iron troll
  2762 | D        | Noticed a frost giant
  2762 | D        | a quicksilver dragon changed into a frost giant
  2763 | D        | Noticed a shadow dragon
  2763 | D        | a caustic shrike changed into a shadow dragon
  2763 | D        | Noticed a titan
  2763 | D        | a shard shrike changed into a titan
  2763 | D        | Noticed a titan
  2763 | D        | a juggernaut changed into a titan
  2764 | D        | Noticed a frost giant
  2764 | D        | an iron troll changed into a frost giant
  2765 | D        | a frost giant changed into an alligator snapping turtle
  2765 | D        | Noticed a frost giant
  2765 | D        | an eleionoma changed into a frost giant
  2765 | D        | a shadow dragon changed into an eleionoma
  2765 | D        | a frost giant changed into a dire elephant
  2765 | D        | Noticed a caustic shrike
  2765 | D        | a titan changed into a caustic shrike
  2767 | D        | Killed an acid blob
  2767 | D        | Noticed a caustic shrike
  2767 | D        | a titan changed into a caustic shrike
  2768 | D        | Reached skill level 21 in Crossbows
  2768 | D        | Noticed an iron giant
  2768 | D        | a caustic shrike changed into an iron giant
  2771 | D        | Noticed an azure jelly
  2771 | D        | an eleionoma changed into an azure jelly
  2772 | D        | Noticed an iron giant
  2772 | D        | a caustic shrike changed into an iron giant
  2773 | D        | Noticed a shadow dragon
  2773 | D        | an alligator snapping turtle changed into a shadow dragon
  2773 | D        | Noticed an acid blob
  2773 | D        | an iron giant changed into an acid blob
  2774 | D        | Noticed a fenstrider witch
  2774 | D        | an azure jelly changed into a fenstrider witch
  2774 | D        | Noticed an acid blob
  2774 | D        | an iron giant changed into an acid blob
  2774 | D        | Noticed a caustic shrike
  2774 | D        | an acid blob changed into a caustic shrike
  2775 | D        | Killed a frost giant
  2776 | D        | Noticed an iron giant
  2776 | D        | a shadow dragon changed into an iron giant
  2776 | D        | Noticed a shadow dragon
  2776 | D        | a fenstrider witch changed into a shadow dragon
  2777 | D        | Noticed a frost giant
  2777 | D        | a dire elephant changed into a frost giant
  2777 | D        | Noticed an iron giant
  2777 | D        | a caustic shrike changed into an iron giant
  2778 | D        | Noticed a caustic shrike
  2778 | D        | an iron giant changed into a caustic shrike
  2778 | D        | a shadow dragon changed into an eleionoma
  2778 | D        | Noticed an iron dragon
  2778 | D        | an iron giant changed into an iron dragon
  2780 | D        | Killed an acid blob
  2780 | D        | Received a gift from Okawaru
  2780 | D        | a caustic shrike changed into an eleionoma
  2780 | D        | a frost giant changed into a dire elephant
  2781 | D        | Noticed a quicksilver dragon
  2781 | D        | an eleionoma changed into a quicksilver dragon
  2781 | D        | Noticed a fenstrider witch
  2781 | D        | an eleionoma changed into a fenstrider witch
  2781 | D        | Noticed a shard shrike
  2781 | D        | an iron dragon changed into a shard shrike
  2782 | D        | Noticed a storm dragon
  2782 | D        | a dire elephant changed into a storm dragon
  2782 | D        | Noticed a titan
  2782 | D        | a shard shrike changed into a titan
  2784 | D        | a fenstrider witch changed into a minotaur
  2786 | D        | Noticed a frost giant
  2786 | D        | a quicksilver dragon changed into a frost giant
  2789 | D        | a storm dragon changed into an eight-headed hydra
  2791 | D        | Noticed a fire giant
  2791 | D        | a frost giant changed into a fire giant
  2791 | D        | Noticed a ghost moth
  2791 | D        | a bunyip changed into a ghost moth
  2791 | D        | Noticed an acid blob
  2791 | D        | a titan changed into an acid blob
  2793 | D        | a fire giant changed into an alligator snapping turtle
  2794 | D        | HP: 4/132 [poisoned by a ghost moth]
  2794 | D        | Mangled by an alligator snapping turtle (glowing
                  | shapeshifter)

Illustrated notes

Levels and vault maps discovered:
D:        sprint_v [room_start, room_1, room_2, room_3, room_4, room_5, room_6,
          room_7, room_8, room_9, room_10, room_11, room_12, room_13, room_14,
          room_15, room_16, room_17, room_18, room_19, room_20, room_21,
          room_22, room_23, room_24, room_25, room_26, room_27]

Skill      XL: |  1  2  3  4  5  6  7  8  9 10 11 12 13 14 15 |
---------------+----------------------------------------------+-----
Fighting       | 2 4 5 7 8 9 11 12 13 15 16 | 16.3
Short Blades   | 2 4 5 7 8 9 11 12 15 17 19 | 19.4
Long Blades    | 2 4 5 7 8 9 12 14 16 18 20 | 20.4
Axes           | 2 4 5 7 8 9 11 12 13 15 16 | 16.3
Maces & Flails | 2 4 5 7 8 9 11 12 13 15 16 | 16.3
Polearms       | 2 4 5 7 8 9 11 12 13 15 16 | 16.3
Staves         | 2 4 5 7 8 9 11 12 13 15 16 | 16.3
Slings         | 2 4 5 7 8 9 11 12 13 15 16 | 16.3
Bows           | 2 4 5 7 8 9 11 12 13 15 16 | 16.3
Crossbows      | 2 4 5 8 10 12 14 15 17 19 21 | 21.2
Throwing       | 2 4 5 7 8 9 11 12 13 15 16 | 16.3
Armour         | 2 4 5 7 8 9 11 12 13 16 18 | 18.3
Dodging        | 5 6 7 8 9 10 11 13 14 15 16 | 16.8
Shields        | 2 4 5 7 8 9 11 12 13 15 16 | 16.3
Unarmed Combat | 2 4 5 7 8 9 11 12 13 15 17 | 17.8
Spellcasting   | 5 6 7 8 10 12 13 14 15 16 | 16.9
Conjurations   | 2 4 5 6 7 8 9 10 12 13 14 | 14.2
Hexes          | 1 3 4 5 7 8 9 10 11 13 14 | 14.0
Summonings     | 1 3 4 5 7 8 9 10 11 13 14 | 14.0
Necromancy     | 1 3 4 5 7 8 9 10 11 13 14 | 14.0
Translocations | 1 3 4 5 7 8 9 10 11 13 14 | 14.0
Transmutations | 1 3 4 5 7 8 9 10 11 13 14 | 14.0
Ice Magic      | 1 3 4 5 7 8 9 10 11 13 14 | 14.0
Air Magic      | 1 3 4 5 7 8 9 10 11 13 14 | 14.0
Earth Magic    | 1 3 4 5 7 8 9 10 11 13 14 | 14.0
Poison Magic   | 1 3 4 5 7 8 9 10 11 13 14 | 14.0
Invocations    | 2 4 5 7 9 10 11 13 14 16 17 | 17.5
Evocations     | 2 4 5 7 8 9 11 12 13 15 16 | 16.3
Stealth        | 5 6 8 9 10 11 12 14 15 16 | 16.7
Fire Magic     | 6 7 8 9 10 11 12 14 | 14.9

Action                   |  1- 3 |  4- 6 |  7- 9 | 10-12 | 13-15 || total
-------------------------+-------+-------+-------+-------+-------++-------
Melee: Double sword      |     4 |     8 |    33 |    38 |   111 ||   194
       Bite              |     1 |     3 |     5 |     8 |    10 ||    27
 Cast: Foxfire           |       |       |     2 |       |       ||     2
       Fireball          |       |       |       |     4 |     6 ||    10
       Bolt of Magma     |       |       |       |     1 |       ||     1
Invok: Heroism           |       |     1 |     2 |     6 |     5 ||    14
       Finesse           |       |       |       |     1 |       ||     1
Evoke: Condenser vane    |       |       |     1 |     5 |     7 ||    13
       Lightning rod     |       |       |       |     2 |     1 ||     3
       Wand              |       |       |       |       |     1 ||     1
  Use: Potion            |     2 |       |       |       |    15 ||    17
       Scroll            |       |       |       |     1 |     1 ||     2
 Stab: Sleeping          |     1 |     1 |       |       |       ||     2
       Invisible         |       |     1 |       |       |       ||     1
       Petrified         |       |       |       |     2 |       ||     2
Armor: Fire dragon scale |     2 |     4 |     4 |     9 |    49 ||    68
Dodge: Dodged            |       |       |     3 |    10 |    61 ||    74
Block: Kite shield       |     5 |     8 |    44 |    51 |   192 ||   300
       Rpst.: Double sword |       |       |     1 |     1 |    12 ||    14
